PUB
HOLLYWOOD STARS @ HOUSTON COLT .45S
07/26/1972
 
TOP OF THE 1ST
Hollywood Stars batting - Pitching for Houston Colt .45s : RHP Fred O'Brien
Pitching: RHP Fred O'Brien
Batting: SHB Tetsuhiko Harada 0-0: Called Strike
0-1: Foul Ball, location: 3F
0-2: Ball
1-2: Foul Ball, location: 2F
1-2: Strikes out looking
Batting: LHB Jimmie Hall 0-0: Called Strike
0-1: Ball
1-1: Ball
2-1: Called Strike
2-2: Ball
3-2: Strikes out looking
Batting: LHB Bob James 0-0: Ball
1-0: Foul Ball, location: 7LMF
1-1: Swinging Strike
1-2: Strikes out swinging
Top of the 1st over - 0 runs, 0 hits, 0 errors, 0 left on base; Hollywood 0 - Houston 0
BOTTOM OF THE 1ST
Houston Colt .45s batting - Pitching for Hollywood Stars : LHP Scott McDaniel
Pitching: LHP Scott McDaniel
Batting: RHB Darby Moore 0-0: Ball
1-0: Foul Ball, location: 25F
1-1: Foul Ball, location: 2RF
1-2: Ground out 6-3 (Groundball, 6, EV 92.5 MPH)
Batting: SHB Eric Tucker 0-0: Swinging Strike
0-1: Swinging Strike
0-2: Foul Ball, location: 2F
0-2: Ball
1-2: Strikes out looking
Batting: RHB Nobuhisa Fujii 0-0: Ball
1-0: Foul Ball, location: 2F
1-1: Ball
2-1: Fly out, F8 (Flyball, 8RD, EV 90.0 MPH)
Bottom of the 1st over - 0 runs, 0 hits, 0 errors, 0 left on base; Hollywood 0 - Houston 0
TOP OF THE 2ND
Hollywood Stars batting - Pitching for Houston Colt .45s : RHP Fred O'Brien
Batting: RHB Brian Fowler 0-0: Ground out U3 (Groundball, 34S, EV 67.5 MPH)
Batting: RHB Anthony Townsend 0-0: Foul Ball, location: 2F
0-1: Swinging Strike
0-2: Ground out 5-3 (Groundball, 56, EV 78.1 MPH)
Batting: SHB Jonathan Burke 0-0: Ball
1-0: Fly out, F7 (Flyball, 78M, EV 88.8 MPH)
Top of the 2nd over - 0 runs, 0 hits, 0 errors, 0 left on base; Hollywood 0 - Houston 0
BOTTOM OF THE 2ND
Houston Colt .45s batting - Pitching for Hollywood Stars : LHP Scott McDaniel
Batting: RHB Virgil McDonald 0-0: Ball
1-0: SINGLE (Line Drive, 89S, EV 86.9 MPH)
Batting: RHB Jim Pagliaroni 0-0: Ball
1-0: Ball
2-0: Called Strike
2-1: Foul Ball, location: 5DF
2-2: Strikes out swinging
Batting: SHB Michael Trusty 0-0: Called Strike
Virgil McDonald steals 2nd base
0-1: Fly out, F7 (Flyball, 7D, EV 106.3 MPH)
Runner from 2nd tags up, SAFE at 3rd with throw by LF
Batting: SHB Allen Brown 0-0: Ball
1-0: Ground out 4-3 (Groundball, 4S, EV 93.1 MPH)
Bottom of the 2nd over - 0 runs, 1 hit, 0 errors, 1 left on base; Hollywood 0 - Houston 0
TOP OF THE 3RD
Hollywood Stars batting - Pitching for Houston Colt .45s : RHP Fred O'Brien
Batting: RHB Arturo Gonzáles 0-0: Ball
1-0: Ball
2-0: Foul Ball, location: 2F
2-1: Ball
3-1: Foul Ball, location: 5SF
3-2: Foul Ball, location: 9LSF
3-2: Fly out, F7 (Flyball, 7, EV 88.8 MPH)
Batting: LHB Eugene Williams 0-0: Swinging Strike
0-1: Foul Ball, location: 2F
0-2: Ball
1-2: Foul Ball, location: 2F
1-2: Ball
2-2: Strikes out swinging
Batting: LHB Scott McDaniel 0-0: Ball
1-0: Ball
2-0: Foul Ball, location: 3F
2-1: Ball
3-1: Foul Ball, location: 25FF
3-2: Strikes out swinging
Top of the 3rd over - 0 runs, 0 hits, 0 errors, 0 left on base; Hollywood 0 - Houston 0
BOTTOM OF THE 3RD
Houston Colt .45s batting - Pitching for Hollywood Stars : LHP Scott McDaniel
Batting: SHB Bob Saverine 0-0: Ball
1-0: Ground out 5-3 (Groundball, 5L, EV 90.6 MPH)
Batting: RHB Fred O'Brien 0-0: Called Strike
0-1: Called Strike
0-2: Ball
1-2: Strikes out swinging
Batting: RHB Darby Moore 0-0: Called Strike
0-1: Ball
1-1: Foul Ball, location: 2F
1-2: Strikes out swinging
Bottom of the 3rd over - 0 runs, 0 hits, 0 errors, 0 left on base; Hollywood 0 - Houston 0
TOP OF THE 4TH
Hollywood Stars batting - Pitching for Houston Colt .45s : RHP Fred O'Brien
Batting: SHB Tetsuhiko Harada 0-0: Ball
1-0: Ball
2-0: Called Strike
2-1: Ball
3-1: Foul Ball, location: 2F
3-2: Base on Balls
Batting: LHB Jimmie Hall 0-0: Ball
1-0: Ball
2-0: Called Strike
2-1: Called Strike
2-2: Ball
3-2: Foul Ball, location: 5F
3-2: Strikes out swinging
Batting: LHB Bob James 0-0: Swinging Strike
0-1: Ball
1-1: Called Strike
1-2: Strikes out swinging
Tetsuhiko Harada steals 2nd base
Batter strikes out.
Batting: RHB Brian Fowler 0-0: Ball
1-0: Swinging Strike
1-1: Ball
2-1: Foul Ball, location: 2F
2-2: Ball
3-2: Foul Ball, location: 2F
3-2: Fly out, F7 (Flyball, 7D, EV 95.6 MPH)
Top of the 4th over - 0 runs, 0 hits, 0 errors, 1 left on base; Hollywood 0 - Houston 0
BOTTOM OF THE 4TH
Houston Colt .45s batting - Pitching for Hollywood Stars : LHP Scott McDaniel
Batting: SHB Eric Tucker 0-0: Called Strike
0-1: Called Strike
0-2: Ball
1-2: Foul Ball, location: 3FF
1-2: Ball
2-2: Fly out, F9 (Flyball, 9LD, EV 105.0 MPH)
Batting: RHB Nobuhisa Fujii 0-0: Ball
1-0: Swinging Strike
1-1: Ball
2-1: Ball
3-1: Called Strike
3-2: Strikes out looking
Batting: RHB Virgil McDonald 0-0: Ball
1-0: Ground out U3 (Groundball, 3L, EV 85.0 MPH)
Bottom of the 4th over - 0 runs, 0 hits, 0 errors, 0 left on base; Hollywood 0 - Houston 0
TOP OF THE 5TH
Hollywood Stars batting - Pitching for Houston Colt .45s : RHP Fred O'Brien
Batting: RHB Anthony Townsend 0-0: Ball
1-0: Ball
2-0: Ball
3-0: Called Strike
3-1: Foul Ball, location: 25F
3-2: Base on Balls
Batting: SHB Jonathan Burke 0-0: Foul Ball, location: 2F
0-1: DOUBLE (Flyball, 78D, EV 96.9 MPH)
Anthony Townsend to third
Batting: RHB Arturo Gonzáles 0-0: Called Strike
0-1: Swinging Strike
0-2: Ball
1-2: Strikes out looking
Batting: LHB Eugene Williams 0-0: Intentional Walk
Batting: LHB Scott McDaniel 0-0: Foul Ball, location: 7LMF
0-1: Foul Ball, location: 2F
0-2: Foul Ball, location: 2F
0-2: Strikes out swinging
Batting: SHB Tetsuhiko Harada 0-0: Foul Ball, location: 2RF
0-1: Ball
1-1: Ball
2-1: Called Strike
2-2: Strikes out swinging
Top of the 5th over - 0 runs, 1 hit, 0 errors, 3 left on base; Hollywood 0 - Houston 0
BOTTOM OF THE 5TH
Houston Colt .45s batting - Pitching for Hollywood Stars : LHP Scott McDaniel
Batting: RHB Jim Pagliaroni 0-0: Called Strike
0-1: Ball
1-1: Ball
2-1: Foul Ball, location: 9LMF
2-2: Foul Ball, location: 9LSF
2-2: Fly out, F7 (Line Drive, 7S, EV 103.1 MPH)
Batting: SHB Michael Trusty 0-0: Called Strike
0-1: Called Strike
0-2: SINGLE (Line Drive, 89S, EV 100.0 MPH)
Batting: SHB Allen Brown 0-0: Foul Ball, location: 5F
0-1: Called Strike
0-2: Grounds into double play, 3-6-3 (Groundball, 34, EV 100.0 MPH)
Bottom of the 5th over - 0 runs, 1 hit, 0 errors, 0 left on base; Hollywood 0 - Houston 0
TOP OF THE 6TH
Hollywood Stars batting - Pitching for Houston Colt .45s : RHP Fred O'Brien
Batting: LHB Jimmie Hall 0-0: Called Strike
0-1: Ball
1-1: Ball
2-1: Foul Ball, location: 9LSF
2-2: Ground out 4-3 (Groundball, 34D, EV 83.1 MPH)
Batting: LHB Bob James 0-0: Ball
1-0: Ball
2-0: Foul Ball, location: 2F
2-1: Ball
3-1: Called Strike
3-2: Base on Balls
Pitching: RHP Phil Regan
Now at C: Edgardo Vázquez
Batting: RHB Brian Fowler 0-0: Ball
Passed Ball!
Bob James to second
1-0: Foul Ball, location: 5F
1-1: Ground out 1-3 (Groundball, 15S, EV 83.1 MPH)
Batting: RHB Anthony Townsend 0-0: Fly out, F7 (Line Drive, 7, EV 98.1 MPH)
Top of the 6th over - 0 runs, 0 hits, 0 errors, 1 left on base; Hollywood 0 - Houston 0
BOTTOM OF THE 6TH
Houston Colt .45s batting - Pitching for Hollywood Stars : LHP Scott McDaniel
Batting: SHB Bob Saverine 0-0: Ball
1-0: Called Strike
1-1: Ground out 6-3 (Groundball, 6, EV 90.6 MPH)
Batting: LHB Edgardo Vázquez 0-0: Called Strike
0-1: SINGLE (Line Drive, 6D, EV 96.9 MPH)
Batting: RHB Darby Moore 0-0: Ball
1-0: Ball
2-0: Foul Ball, location: 2F
2-1: SINGLE (Line Drive, 4D, EV 105.6 MPH)
Edgardo Vázquez to second
Batting: SHB Eric Tucker 0-0: Foul Ball, location: 2RF
0-1: Called Strike
0-2: Ball
1-2: Foul Ball, location: 2F
1-2: Foul Ball, location: 3F
1-2: Ball
Wild Pitch!
Edgardo Vázquez to third
Darby Moore to second
2-2: SINGLE (Groundball, 4MD, EV 103.8 MPH)
Edgardo Vázquez scores
Darby Moore to third
Runner from 3rd tries for Home, SAFE, throw by CF to home
Batting: RHB Nobuhisa Fujii 0-0: Ball
1-0: Called Strike
Eric Tucker is caught stealing 2nd base 2-4
1-1: Ball
2-1: Foul Ball, location: 9LMF
2-2: SINGLE (Line Drive, 78M, EV 98.1 MPH)
Batting: RHB Virgil McDonald 0-0: Ground out 5-3 (Groundball, 15, EV 86.9 MPH)
Bottom of the 6th over - 2 runs, 4 hits, 0 errors, 1 left on base; Hollywood 0 - Houston 2
TOP OF THE 7TH
Hollywood Stars batting - Pitching for Houston Colt .45s : RHP Phil Regan
Batting: SHB Jonathan Burke 0-0: Foul Ball, location: 2F
0-1: Ball
1-1: Ball
2-1: Foul Ball, location: 2F
2-2: Strikes out swinging
Batting: RHB Arturo Gonzáles 0-0: Ball
1-0: Swinging Strike
1-1: Ball
2-1: Called Strike
2-2: Fly out, F7 (Flyball, 78M, EV 90.0 MPH)
Batting: LHB Eugene Williams 0-0: Foul Ball, location: 2F
0-1: Ball
1-1: Swinging Strike
1-2: Strikes out looking
Top of the 7th over - 0 runs, 0 hits, 0 errors, 0 left on base; Hollywood 0 - Houston 2
BOTTOM OF THE 7TH
Houston Colt .45s batting - Pitching for Hollywood Stars : LHP Scott McDaniel
Pinch Hitting: RHB Ching Yo 0-0: Ball
1-0: Called Strike
1-1: Foul Ball, location: 2F
1-2: Ball
2-2: Foul Ball, location: 5F
2-2: Hit by Pitch
Pitching: RHP Joël Garcia
Now at SS: Paul West
Batting: SHB Michael Trusty 0-0: Ball
1-0: Ball
2-0: Called Strike
2-1: Called Strike
2-2: Ball
3-2: 2-RUN HOME RUN (Flyball, 9LD, EV 93.8 MPH), Distance : 339 ft
Batting: SHB Allen Brown 0-0: Ball
1-0: Foul Ball, location: 5SF
1-1: DOUBLE (Groundball, 5L, EV 108.1 MPH)
Batting: SHB Bob Saverine 0-0: Called Strike
0-1: Ball
1-1: Ball
2-1: Swinging Strike
2-2: Ball
3-2: Foul Ball, location: 2F
3-2: Fly out, F8 (Line Drive, 78M, EV 94.4 MPH)
Lined into DP, 8-4 (Line Drive, 78M, EV 94.4 MPH)
Batting: LHB Edgardo Vázquez 0-0: Called Strike
0-1: Foul Ball, location: 2F
0-2: Ball
1-2: Foul Ball, location: 5FF
1-2: Ball
2-2: Foul Ball, location: 25FF
2-2: Foul Ball, location: 9LSF
2-2: Ground out 1-3 (Groundball, 15, EV 71.3 MPH)
Bottom of the 7th over - 2 runs, 2 hits, 0 errors, 0 left on base; Hollywood 0 - Houston 4
TOP OF THE 8TH
Hollywood Stars batting - Pitching for Houston Colt .45s : RHP Phil Regan
Pitching: RHP Luis Reyes
Batting: RHB Paul West 0-0: Foul Ball, location: 3F
0-1: Ball
1-1: Foul Ball, location: 2F
1-2: Hit by Pitch
Batting: SHB Tetsuhiko Harada 0-0: Called Strike
0-1: Fly out, F7 (Flyball, 78D, EV 91.9 MPH)
Batting: LHB Jimmie Hall 0-0: Foul Ball, location: 2F
0-1: Called Strike
0-2: Ball
1-2: Foul Ball, location: 7LDF
1-2: Ball
2-2: Strikes out looking
Batting: LHB Bob James 0-0: Ball
1-0: Called Strike
1-1: Called Strike
1-2: Ball
2-2: Strikes out looking
Top of the 8th over - 0 runs, 0 hits, 0 errors, 1 left on base; Hollywood 0 - Houston 4
BOTTOM OF THE 8TH
Houston Colt .45s batting - Pitching for Hollywood Stars : RHP Joël Garcia
Batting: RHB Darby Moore 0-0: Ball
1-0: Foul Ball, location: 9LSF
1-1: Ball
2-1: Fly out, F6 (Popup, 6M, EV 55.6 MPH)
Batting: SHB Eric Tucker 0-0: Ball
1-0: Foul Ball, location: 2F
1-1: Ball
2-1: Foul Ball, location: 3F
2-2: Ball
3-2: Foul Ball, location: 5F
3-2: SINGLE (Groundball, 56S, EV 68.8 MPH) (infield hit)
Batting: RHB Nobuhisa Fujii 0-0: Called Strike
0-1: Fielders Choice at 2nd, 5-4 (Groundball, 56, EV 76.9 MPH)
Batting: RHB Virgil McDonald 0-0: Ball
1-0: Called Strike
1-1: Foul Ball, location: 25F
1-2: Strikes out swinging
Bottom of the 8th over - 0 runs, 1 hit, 0 errors, 1 left on base; Hollywood 0 - Houston 4
TOP OF THE 9TH
Hollywood Stars batting - Pitching for Houston Colt .45s : RHP Luis Reyes
Batting: RHB Brian Fowler 0-0: Called Strike
0-1: Foul Ball, location: 5F
0-2: Ball
1-2: Ball
2-2: SINGLE (Groundball, 34D, EV 109.4 MPH)
Batting: RHB Anthony Townsend 0-0: Called Strike
0-1: Foul Ball, location: 2F
0-2: Foul Ball, location: 2F
0-2: Fly out, F9 (Flyball, 9LM, EV 88.1 MPH)
Batting: SHB Jonathan Burke 0-0: Swinging Strike
0-1: Ball
1-1: Swinging Strike
1-2: Strikes out looking
Pinch Hitting: SHB Bob Hicks 0-0: Called Strike
0-1: Fly out, F8 (Flyball, 8RD, EV 95.0 MPH)
Top of the 9th over - 0 runs, 1 hit, 0 errors, 1 left on base; Hollywood 0 - Houston 4
Monday, April 15th , 2024 - OOTP Baseball 24.8 Build 75